Map: 썬더버드 - 래더

Players

TSGSolar (Solar) - Winner!

  • Race: Zerg Zerg
  • League: Diamond
  • Spawn Location: 11:00

soO

  • Race: Zerg Zerg
  • League: Master
  • Spawn Location: 5:00

Event: HomeStory Cup XX

VOD

Have the link to the VOD?

Description

Time

  • Played on: Nov. 23, 2019, 2:09 p.m.
  • Length: 17:04

All games in this series

Show
View Real Time Build Order
Export as new Build Order

TSGSolar Zerg - Winner!

Build Orders: Hatch First, Lurkers, Roach Hydra 

Get SALT Encoding   

  12  0:01  Drone  
  13  0:12  Overlord  
  13  0:17  Drone  
  14  0:31  Drone x2  
  16  0:48  Hatchery  
  15  0:52  Drone  
  15  0:56  Drone  
  17  0:58  Drone  
  18  1:10  Extractor  
  17  1:14  Spawning Pool  
  17  1:17  Drone  
  17  1:21  Drone  
  18  1:29  Drone  
  19  1:40  Drone  
  20  1:50  Overlord  
  20  2:00  Queen x2  
  24  2:02  Drone x2  
  26  2:10  Metabolic Boost  
  26  2:11  Drone  
  26  2:12  Drone  
  28  2:22  Drone x2  
  30  2:34  Hatchery  
  30  2:36  Zergling x2  
  30  2:38  Drone  
  31  2:44  Drone  
  31  2:48  Baneling Nest  
  31  2:50  Drone  
  32  2:55  Overlord  
  32  2:56  Drone  
  33  3:04  Drone  
  34  3:07  Drone  
  34  3:11  Zergling x2  
  36  3:14  Zergling x2, Drone x4  
  41  3:20  Zergling x2  
  41  3:24  Evolution Chamber  
  41  3:26  Evolution Chamber, Overlord  
  41  3:31  Baneling x2  
  41  3:32  Queen  
  41  3:33  Zergling x2  
  43  3:40  Overlord  
  43  3:43  Baneling  
  43  3:45  Zergling x2  
  43  3:46  Zergling x8  
  48  3:50  Zergling x2  
  48  3:52  Overlord  
  49  3:57  Drone  
  49  4:02  Zerg Missile Weapons Level 1  
  49  4:05  Drone x2  
  49  4:06  Overlord  
  51  4:12  Zergling x2, Drone x2  
  51  4:13  Drone  
  51  4:15  Overlord  
  55  4:18  Drone  
  55  4:21  Roach Warren  
  55  4:25  Drone  
  55  4:27  Lair  
  55  4:28  Drone  
  55  4:30  Extractor  
  55  4:31  Extractor, Drone  
  57  4:34  Drone  
  56  4:38  Drone x3  
  56  4:39  Drone  
  56  4:43  Drone  
  56  4:44  Drone x2  
  63  4:46  Drone x2  
  63  4:50  Zergling x2, Baneling  
  63  4:51  Drone  
  63  4:52  Drone  
  67  4:54  Drone x2  
  69  5:01  Overlord  
  69  5:02  Drone  
  69  5:04  Zergling x2  
  69  5:07  Zergling x6, Baneling  
  71  5:11  Overlord  
  71  5:14  Extractor  
  71  5:16  Drone x5  
  74  5:22  Extractor  
  73  5:29  Drone  
  73  5:30  Drone x5  
  73  5:34  Glial Reconstitution  
  73  5:35  Overseer, Drone x5  
  76  5:37  Pneumatized Carapace  
  76  5:42  Drone  
  79  5:48  Extractor  
  79  5:49  Overlord  
  78  5:52  Drone x2  
  78  5:53  Drone x2  
  82  5:57  Roach x2  
  82  6:00  Overlord  
  82  6:03  Overseer  
  86  6:04  Hatchery, Overlord  
  86  6:09  Spire  
  84  6:11  Zerg Missile Weapons Level 2  
  84  6:12  Drone  
  84  6:14  Roach  
  84  6:17  Roach x2  
  91  6:20  Overlord  
  91  6:23  Roach x2  
  95  6:26  Overlord  
  95  6:30  Roach x3  
  95  6:31  Overlord  
  101  6:38  Hydralisk Den  
  101  6:39  Roach x3  
  106  6:41  Overlord  
  106  6:43  Drone  
  106  6:44  Drone x2  
  106  6:45  Drone  
  110  6:48  Drone x3  
  110  6:53  Overlord  
  112  6:56  Overlord  
  112  6:58  Overlord  
  113  7:02  Extractor  
  112  7:09  Roach x7  
  112  7:13  Roach x3  
  133  7:16  Queen, Baneling  
  133  7:17  Roach x3  
  141  7:23  Overlord  
  141  7:24  Roach  
  141  7:25  Roach x3  
  141  7:28  Tunneling Claws  
  149  7:30  Ravager x5  
  149  7:36  Overlord  
  154  7:37  Baneling x4  
  154  7:38  Roach x2  
  154  7:39  Roach  
  154  7:43  Overlord  
  160  7:46  Drone x2  
  160  7:48  Hydralisk Den, Overlord  
  160  7:50  Overlord  
  161  7:54  Spore Crawler  
  161  7:55  Spore Crawler x2  
  161  7:56  Spore Crawler  
  161  7:57  Queen  
  159  8:00  Drone x2  
  159  8:01  Drone  
  159  8:03  Drone x2  
  159  8:05  Drone  
  159  8:06  Drone  
  159  8:07  Drone  
  159  8:09  Drone  
  159  8:12  Infestation Pit  
  146  8:18  Hydralisk x4  
  144  8:20  Grooved Spines  
  136  8:30  Drone  
  136  8:31  Hydralisk x3  
  136  8:32  Lurker Den  
  136  8:34  Extractor  
  141  8:36  Drone x2  
  141  8:37  Hydralisk x3  
  149  8:41  Overlord  
  149  8:43  Spore Crawler  
  149  8:44  Spore Crawler  
  149  8:45  Overlord  
  147  8:49  Hive  
  147  8:51  Overlord  
  147  8:54  Hydralisk x2  
  148  8:57  Zerg Ground Armor Level 1  
  148  8:59  Spore Crawler  
  148  9:01  Hydralisk  
  146  9:03  Hydralisk  
  148  9:11  Hydralisk x3  
  154  9:19  Drone x3  
  154  9:23  Extractor  
  154  9:25  Spore Crawler  
  154  9:30  Roach x2  
  154  9:31  Roach x2  
  161  9:32  Lurker  
  161  9:33  Roach x3  
  161  9:35  Roach x4  
  161  9:37  Roach x3  
  181  9:41  Lurker x4  
  181  9:43  Overlord  
  181  9:45  Overlord  
  183  9:53  Muscular Augments  
  183  9:54  Overseer  
  183  9:55  Hydralisk x2  
  183  9:57  Seismic Spines  
  183  9:58  Roach x4  
  195  10:01  Roach x2  
  198  10:30  Extractor  
  197  10:40  Evolution Chamber  
  197  10:42  Hatchery, Viper  
  196  10:45  Extractor  
  198  10:51  Zerg Missile Weapons Level 3  
  198  11:01  Hatchery, Overseer  
  198  11:03  Viper  
  200  11:10  Spore Crawler x2  
  198  11:12  Zerg Ground Armor Level 2, Burrow  
  198  11:18  Spore Crawler, Viper  
  197  11:24  Overseer  
  198  11:27  Hydralisk x2  
  200  11:43  Overlord x3  
  198  11:49  Adaptive Talons, Overlord x2  
  198  11:51  Overlord  
  198  11:52  Overseer, Overlord  
  198  11:54  Overlord  
  198  11:58  Extractor, Overlord  
  198  11:59  Extractor  
  198  12:01  Overlord  
  196  12:03  Hydralisk x2  
  196  12:08  Overseer  
  198  12:27  Hydralisk x5  
  196  12:32  Roach  
  194  12:38  Hydralisk  
  194  12:39  Hydralisk  
  198  12:45  Roach  
  198  12:47  Roach x3  
  198  12:50  Roach  
  196  12:52  Overseer  
  196  12:53  Overseer x3  
  196  12:55  Roach  
  196  12:59  Roach  
  196  13:01  Roach x4  
  196  13:02  Roach  
  196  13:03  Roach  
  196  13:04  Hydralisk x4  
  197  13:06  Hydralisk x2  
  197  13:07  Hydralisk x2  
  197  13:09  Hydralisk x2  
  193  13:15  Lurker x6  
  199  13:22  Spine Crawler  
  199  13:24  Spore Crawler, Spine Crawler  
  199  13:25  Viper  
  197  13:30  Roach x2  
  197  13:31  Roach  
  197  13:33  Roach x2  
  197  13:34  Roach x2  
  197  13:37  Hydralisk  
  199  13:41  Hydralisk x4  
  199  13:42  Hydralisk x18  
  199  13:46  Roach x14  
  199  13:51  Baneling  
  199  13:54  Overseer  
  199  14:06  Overseer, Roach x3  
  199  14:07  Roach  
  199  14:13  Viper  
  197  14:19  Roach x11  
  197  14:25  Hydralisk x6  
  197  14:27  Roach x3  
  193  14:32  Hydralisk x3  
  193  14:36  Overseer  
  199  14:42  Hydralisk x6  
  194  14:47  Roach x3  
  194  14:51  Viper x3  
  195  15:03  Overseer  
  191  15:10  Nydus Network  
  190  15:22  Lurker x9  
  190  15:24  Hydralisk, Roach  
  190  15:25  Roach  
  189  15:39  Hydralisk  
  189  15:41  Hydralisk x12  
  189  15:42  Hydralisk x2  
  179  15:45  Hydralisk, Roach  
  179  15:46  Overseer x4  
  179  15:47  Hydralisk, Roach x2  
  179  15:48  Roach  
  165  15:52  Roach x2  
  165  15:53  Roach  
  165  15:54  Roach x2  
  165  15:55  Roach  
  165  15:56  Roach x4  
  175  15:59  Hydralisk x2  
  175  16:03  Roach x2  
  171  16:05  Roach x2  
  171  16:08  Roach x3  
  171  16:10  Queen x3  
  187  16:16  Roach x3  
  187  16:17  Roach x3  
  199  16:19  Nydus Canal  
  199  16:26  Roach  
  199  16:31  Hydralisk x2  
  199  16:36  Roach  
Show
View Real Time Build Order
Export as new Build Order

soO Zerg 

Build Orders: Hatch First, Lurkers 

Get SALT Encoding   

  12  0:00  Drone  
  13  0:12  Overlord  
  13  0:17  Drone  
  14  0:30  Drone x2  
  16  0:47  Hatchery  
  15  0:50  Drone  
  15  0:54  Drone  
  17  0:57  Drone  
  18  1:07  Extractor  
  17  1:12  Spawning Pool  
  17  1:16  Drone  
  17  1:19  Drone  
  18  1:27  Drone  
  19  1:38  Drone  
  20  1:49  Drone  
  21  1:59  Queen x2, Drone  
  21  2:00  Overlord  
  26  2:08  Metabolic Boost  
  26  2:11  Zergling x2  
  26  2:12  Drone  
  28  2:21  Drone x2  
  30  2:32  Drone x2  
  30  2:36  Hatchery  
  31  2:44  Overlord  
  31  2:45  Drone  
  32  2:53  Drone  
  32  2:54  Drone  
  34  3:07  Zergling x16  
  42  3:17  Baneling Nest  
  40  3:20  Drone, Overlord  
  40  3:21  Queen  
  43  3:35  Overlord  
  43  3:38  Evolution Chamber  
  43  3:39  Drone x3  
  43  3:41  Drone  
  46  3:49  Drone x4  
  46  3:52  Drone x2  
  50  4:00  Drone x2  
  50  4:01  Drone x2  
  53  4:05  Zerg Missile Weapons Level 1  
  53  4:06  Zergling x2  
  53  4:09  Zergling x2  
  55  4:13  Zergling x4  
  55  4:14  Zergling x2  
  58  4:17  Zergling x2  
  58  4:19  Drone  
  58  4:20  Drone  
  58  4:22  Extractor x2  
  58  4:23  Baneling  
  59  4:26  Drone  
  59  4:28  Drone  
  61  4:31  Baneling  
  61  4:32  Baneling  
  61  4:33  Drone x4  
  61  4:38  Overlord  
  65  4:41  Overlord  
  65  4:42  Drone  
  65  4:44  Overlord x2  
  66  4:51  Drone x2  
  66  4:52  Drone x2  
  66  4:57  Lair  
  66  4:58  Drone x2  
  68  5:04  Drone x3  
  70  5:11  Drone x2, Pneumatized Carapace  
  70  5:13  Extractor  
  70  5:14  Extractor  
  70  5:15  Extractor, Drone  
  67  5:33  Zergling x4  
  67  5:34  Zergling x2  
  67  5:35  Zergling x6  
  69  5:37  Zergling x2  
  69  5:41  Zergling x10  
  76  5:43  Roach Warren  
  76  5:47  Zergling x4  
  77  5:55  Drone  
  77  5:56  Drone, Spire  
  78  5:58  Baneling x2  
  78  6:00  Drone  
  78  6:01  Drone  
  78  6:04  Drone x2  
  82  6:05  Overseer, Drone x2  
  82  6:07  Drone x2  
  82  6:08  Drone x3  
  89  6:15  Hatchery  
  88  6:27  Overlord  
  88  6:28  Zergling x4  
  88  6:29  Glial Reconstitution, Zergling x2  
  91  6:37  Zerg Missile Weapons Level 2, Drone  
  91  6:40  Drone  
  91  6:43  Hydralisk Den  
  91  6:44  Drone x2  
  91  6:45  Drone  
  94  6:50  Overlord  
  94  6:53  Drone x2  
  96  6:57  Drone  
  96  6:58  Overlord  
  97  7:04  Drone  
  97  7:06  Extractor  
  97  7:08  Extractor, Mutalisk x9  
  96  7:11  Zerg Flyer Weapons Level 1  
  113  7:27  Mutalisk x3  
  119  7:36  Overlord  
  119  7:40  Lurker Den, Hydralisk  
  119  7:41  Hydralisk x2  
  119  7:42  Overlord x2  
  119  7:43  Overlord  
  124  7:46  Overlord  
  124  7:51  Drone  
  124  7:54  Overlord  
  125  7:58  Roach  
  125  7:59  Roach x4  
  135  8:10  Hydralisk x7  
  135  8:11  Roach x4  
  148  8:25  Drone  
  142  8:29  Drone x3  
  142  8:30  Drone  
  146  8:37  Grooved Spines, Infestation Pit  
  146  8:38  Drone x3  
  146  8:40  Lurker x4  
  152  8:46  Drone x2  
  152  8:47  Drone  
  155  8:59  Zerg Ground Armor Level 1  
  155  9:12  Roach x4  
  155  9:13  Overlord, Roach x6  
  155  9:14  Hive  
  175  9:21  Overlord  
  175  9:25  Overlord  
  175  9:26  Overlord  
  175  9:29  Overlord  
  171  9:53  Overseer x3  
  171  9:57  Drone  
  172  10:00  Spore Crawler  
  172  10:01  Spore Crawler, Hydralisk x5  
  172  10:02  Spore Crawler, Hydralisk x2  
  172  10:03  Hatchery  
  172  10:04  Spore Crawler  
  181  10:12  Lurker x3  
  184  10:16  Seismic Spines  
  184  10:17  Hatchery, Hydralisk x4  
  191  10:28  Hydralisk x4  
  191  10:32  Muscular Augments  
  199  10:36  Evolution Chamber  
  198  10:47  Overseer x2  
  198  10:52  Overseer  
  198  10:53  Zerg Missile Weapons Level 3  
  198  11:09  Drone  
  198  11:10  Drone  
  200  11:12  Zerg Ground Armor Level 2  
  200  11:21  Extractor x2  
  198  11:30  Drone x2  
  198  11:31  Adaptive Talons, Burrow  
  199  12:04  Spore Crawler  
  198  12:14  Hydralisk x2  
  191  12:23  Baneling x2  
  191  12:24  Viper x3  
  191  12:26  Hydralisk x3  
  191  12:27  Hydralisk  
  191  12:29  Hydralisk  
  195  12:33  Lurker  
  195  12:34  Lurker x3  
  191  12:40  Hydralisk x5  
  199  13:05  Hydralisk x3  
  155  13:12  Hydralisk  
  155  13:13  Hydralisk x7  
  155  13:15  Viper  
  155  13:16  Viper  
  177  13:21  Spore Crawler  
  177  13:22  Spore Crawler  
  177  13:25  Hydralisk x4  
  177  13:26  Hydralisk x5  
  195  13:27  Lurker x4  
  195  13:28  Hydralisk  
  199  13:42  Zerg Ground Armor Level 3  
  186  14:10  Hydralisk  
  186  14:13  Hydralisk x10  
  182  14:21  Hydralisk  
  182  14:22  Hydralisk x11  
  193  14:30  Hydralisk  
  193  14:31  Hydralisk x6  
  192  14:44  Hydralisk x5  
  196  14:52  Overlord  
  196  14:53  Drone  
  196  14:54  Overlord  
  196  14:56  Overlord  
  197  15:10  Hatchery, Drone x3  
  195  15:15  Overseer  
  195  15:17  Drone x2  
  195  15:18  Drone x2  
  196  15:22  Lurker x2, Hydralisk Den  
  196  15:23  Lurker x2  
  199  15:31  Overseer x2  
  161  15:46  Overseer x2  
  117  15:51  Hydralisk x4  
  117  15:52  Hydralisk  
  117  15:55  Hydralisk x3  
  112  16:00  Hydralisk x3  
  112  16:01  Hydralisk x2  
  112  16:02  Hydralisk x2  
  121  16:05  Hydralisk x2  
  121  16:07  Hydralisk  
  120  16:11  Overseer  
  120  16:13  Hydralisk x3  
  120  16:14  Hydralisk x2  
  129  16:23  Hydralisk  
  129  16:27  Overseer  
  129  16:28  Hydralisk  
  129  16:32  Drone x2  
  132  16:38  Drone x2  
Tags
 
Add a new tag
Caveats
  • Supply blocks, unpowered buildings, or Contaminate may cause inaccurate times.
  • Supply counts are checked every 10 seconds.